AoeStats
← Froggy Freak

Fortress

507278580Analyzed
2v2 RM · 16d ago on Sep 17, 2026· 34m 21s· 4 players
Game mode
Random Map
Map size
Normal (6 player)
Population
200
Speed
Normal
Resources
Standard
Victory
Conquest
Starting age
Dark Age
Ending age
Imperial Age
RankedLock teamsTeams togetherTeam positionsShared explorationLock speedFull tech treeHidden civsTurbo modeCheats
Victory
Defeat
🇺🇸 Celts · United States
1527
+8
🇳🇱 Mongols · Netherlands
1491
+9
🇩🇪 Malay · Germany
1336
-8
🇩🇪 Burgundians · Germany
1333
-9
Luukjes
7:48 Feudal Age
11:32 Castle Age
12:49 Loom
13:26 Double-Bit Axe
22:08 Imperial Age
22:13 Onager
29:39 Drill
sliu132
7:38 Feudal Age
9:14 Loom
11:56 Castle Age
9:52 Double-Bit Axe
10:16 Horse Collar
12:57 Heavy Plow
18:48 Wheelbarrow
24:25 Imperial Age
21:57 Scale Mail Armor
22:07 Forging
21:43 Man-at-Arms
22:09 Gambesons
23:21 Chain Mail Armor
23:21 Pikeman
23:22 Long Swordsman
23:48 Arson
24:41 Iron Casting
24:23 Hand Cart
24:31 Two-Handed Swordsman
24:31 Halberdier
25:24 Capped Ram
27:28 Bow Saw
28:19 Conscription
29:57 Plate Mail Armor
31:05 Blast Furnace
31:01 Siege Ram
33:30 Furor Celtica
34:53 Siege Engineers
35:51 Chemistry
34:43 Fletching
Ole
9:17 Feudal Age
11:56 Castle Age
10:18 Double-Bit Axe
12:51 Bow Saw
15:16 Wheelbarrow
16:03 Gold Mining
20:18 Imperial Age
18:32 Ballistics
18:12 Fletching
18:39 Crossbowman
19:38 Bodkin Arrow
20:33 Bracer
22:52 Chemistry
23:43 Padded Archer Armor
25:25 Arbalester
31:32 Siege Engineers
Froggy Freak
4:32 Double-Bit Axe
4:28 Horse Collar
7:24 Feudal Age
7:52 Wheelbarrow
9:11 Loom
12:14 Castle Age
10:58 Bow Saw
13:57 Heavy Plow
14:37 Scale Barding Armor
23:09 Coinage
22:49 Gold Mining
22:51 Stone Mining
23:54 Hand Cart
28:48 Imperial Age
27:23 Burgundian Vineyards
28:14 Gold Shaft Mining
28:15 Stone Shaft Mining
28:42 Two-Man Saw
28:16 Crop Rotation
28:35 Padded Archer Armor
28:49 Masonry
28:51 Fortified Wall
28:39 Murder Holes
29:10 Town Watch
30:49 Chemistry
31:07 Murder Holes
Connection lost

Rejoining the realm…

Still unreachable

The connection could not be restored.

Session expired

The server has moved on; the page needs a fresh start.